 Dungeon Crawl Stone Soup version 0.24-a0-699-g5a66b1aa3b (webtiles) character file.

Game seed: 16705783680404578646, levelgen mode: deterministic

123 Anathary the Slasher (level 4, -11/35 HPs)
             Began as a Demonspawn Monk on Sept 29, 2019.
             Was a Priest of Cheibriados.
             Mangled by an ogre
             ... wielding a +0 giant club
              (24 damage)
             ... on level 4 of the Dungeon.
             The game lasted 00:09:07 (3255 turns).

Anathary the Slasher (Demonspawn Monk)              Turns: 3255, Time: 00:09:07

Health: -11/35     AC:  3    Str: 17    XL:     4   Next: 79%
Magic:  4/4        EV: 14    Int: 18    God:    Cheibriados [***...]
Gold:   219        SH:  0    Dex: 22    Spells: 3/3 levels left

rFire    . . .     SeeInvis +   a - +0 falchion
rCold    . . .     Gourm    .   (no shield)
rNeg     . . .     Faith    .   b - +0 robe
rPois    .         Spirit   .   s - +1 hat {MR+}
rElec    .         Reflect  .   (no cloak)
rCorr    .         Harm     .   (no gloves)
MR       +....                  (no boots)
Stlth    ++........             (no amulet)
HPRegen  0.11/turn              e - ring of see invisible
MPRegen  0.09/turn              (no ring)

@: very slow
A: hooves 1, powered by pain 1
a: Bend Time, Temporal Distortion, Renounce Religion


You were on level 4 of the Dungeon.
You worshipped Cheibriados.
Cheibriados was most pleased with you.
You were not hungry.

You visited 1 branch of the dungeon, and saw 4 of its levels.

You collected 219 gold pieces.

Inventory:

Hand Weapons
 a - a +0 falchion (weapon)
Armour
 b - a +0 robe (worn)
 s - a +1 hat of magic resistance (worn)
Jewellery
 e - a ring of see invisible (left hand)
 r - an uncursed amulet of harm
Scrolls
 g - 2 scrolls of enchant weapon {unknown}
 h - 3 scrolls of remove curse {unknown}
 i - a scroll of magic mapping {unknown}
 k - 2 scrolls of teleportation {unknown}
 l - 2 scrolls of amnesia {unknown}
 o - a scroll of random uselessness {unknown}
 p - a scroll of immolation {unknown}
 q - a scroll of enchant armour {unknown}
 v - 2 scrolls of identify
Potions
 d - a potion of brilliance {unknown}
 f - 5 potions of curing
 j - a potion of resistance
 m - a potion of invisibility {unknown}
 n - 2 potions of lignification {unknown}
 u - a potion of might {unknown}
Comestibles
 c - 6 rations


   Skills:
 + Level 3.5 Fighting
 + Level 3.9 Long Blades
 + Level 3.3 Dodging
 + Level 2.6 Stealth


You had 3 spell levels left.
You didn't know any spells.
Your spell library was empty.

Dungeon Overview and Level Annotations

Branches:
Dungeon (4/15)
 Temple: D:4-7

Altars:
Cheibriados
Makhleb
The Shining One


Innate Abilities, Weirdness & Mutations

You have large cloven feet.
You sometimes gain a little power by taking damage.


Message History

Things that are here:
a +0 flail; 10 stones; 5 gold pieces The ogre hits you but does no damage.
You hit the ogre. You kick the ogre.
The ogre is lightly wounded.
The ogre hits you with a +0 giant club!
You hit the ogre. You kick the ogre.
The ogre is moderately wounded.
The ogre hits you with a +0 giant club.
The hound barks!
You hit the ogre but do no damage. You kick the ogre, but do no damage.
The ogre is moderately wounded.
You hear an angry hiss.
The ogre closely misses you.
You riposte.
You hit the ogre. You kick the ogre.
The ogre is heavily wounded.
You slash the ogre! Your kick misses the ogre.
The ogre is almost dead.
The ogre hits you with a +0 giant club!!
Ouch! That really hurt!
You die...

#.##..# #.######
###.##..#########.#.....
#..†.......<..........##
#.###.#.##..............#.#
#.......##..###.#.###.###.#
#####.#.##..###!# #.# #.#
##.#.##......# #.# #.# ##
##.#..#.).##..# #.# #.#
....####.###.#..@Oh..# #.#
#.## ........## ##..####.##
###.###.#. #######..###.#.#
#.##........†.. #.#.#..#.#
##.##..##.###.#.
#.##.#.#.###...#..# # #...
#.##..............##.# ###.
###........#........##.##
#.
..........##...).....#...##
#.
#########.................#
#.


You could see an ogre and a hound.

Vanquished Creatures
  A hound (D:4)
  A bullfrog skeleton (D:4)
  2 adders
  2 worms (D:2)
  2 dart slugs
  An orc (D:4)
  5 bats
  5 goblins
  5 hobgoblins
  A quokka (D:4)
  6 frilled lizards
  6 kobolds
  4 rats
41 creatures vanquished.

Notes
Turn   | Place    | Note
-------+----------+-------------------------------------------
     0 | D:1      | Anathary the Demonspawn Monk began the quest for the Orb.
     0 | D:1      | Reached XP level 1. HP: 18/18 MP: 1/1
   274 | D:1      | Gained mutation: You sometimes gain a little power by
                  | taking damage. [demonic ancestry]
   274 | D:1      | Reached XP level 2. HP: 24/24 MP: 2/2
  1697 | D:2      | Found a burning altar of Makhleb.
  1699 | D:2      | Noticed a balrug
  1703 | D:2      | Noticed an orange demon
  1703 | D:2      | Noticed a smoke demon
  1775 | D:2      | Reached XP level 3. HP: 29/29 MP: 3/3
  2052 | D:2      | Found a faded altar of an unknown god.
  2060 | D:2      | Became a worshipper of Cheibriados the Contemplative
  2060 | D:2      | Reached * piety under Cheibriados
  2060 | D:2      | Reached ** piety under Cheibriados
  2666 | D:3      | Found a glowing golden altar of the Shining One.
  2960 | D:4      | Gained mutation: You have large cloven feet. [demonic
                  | ancestry]
  2960 | D:4      | Reached XP level 4. HP: 21/35 MP: 4/4
  3114 | D:4      | Reached *** piety under Cheibriados
  3248 | D:4      | Noticed an ogre
  3255 | D:4      | Mangled by an ogre

Levels and vault maps discovered:
D:1:      psy_arrival_dodecagon, layout_basic
D:2:      layout_basic, chequers_ecumenical_altar_simple_redux, first_ration,
          makhleb_altar_promises_db
D:3:      layout_rooms, tso_altar, small_statue_intersection, minivault_19
D:4:      layout_loops_ring, lemuel_round_altar

Skill      XL: |  1  2 |
---------------+-------+-----
Long Blades    | 3 |  3.9
Stealth        | 2 |  2.6
Dodging        | 3 |  3.3
Fighting       | |  3.5

Action                   |  1- 3 |  4- 6 || total
-------------------------+-------+-------++-------
Melee: Falchion          |   118 |    18 ||   136
       Short sword       |    10 |       ||    10
       Kick              |       |    13 ||    13
  Use: Scroll            |     5 |       ||     5
 Stab: Sleeping          |     8 |       ||     8
  Eat: Ration            |     2 |       ||     2
       Chunk             |     1 |       ||     1
Armor: Robe              |    14 |     1 ||    15
Dodge: Dodged            |    86 |    14 ||   100
       Rpst.: Falchion   |    29 |     5 ||    34

Table legend:
 A = Non-vault XP
 B = Vault XP
 C = Vault XP percentage of total XP
 D = Non-vault monster count
 E = Vault monster count
 F = Vault count percentage of total count
                 A         B        C        D         E       F
            +---------+---------+-------+---------+---------+-------
      Total |     176 |       0 |   0.0 |      41 |       0 |   0.0
            +---------+---------+-------+---------+---------+-------
        D:1 |      22 |       0 |   0.0 |      16 |       0 |   0.0
        D:2 |      37 |       0 |   0.0 |      12 |       0 |   0.0
        D:3 |      23 |       0 |   0.0 |       8 |       0 |   0.0
        D:4 |      94 |       0 |   0.0 |       5 |       0 |   0.0
            +---------+---------+-------+---------+---------+-------
